 Dungeon Crawl Stone Soup version 0.27.1-33-g824d729ab1 (webtiles) character file.

Game seed: 1353613430282809349

39 potato4science the Sneak (level 3, 0/29 HPs)
             Began as a Human Delver on Dec 24, 2021.
             Succumbed to an adder's poison
             ... on level 3 of the Dungeon.
             The game lasted 00:03:51 (452 turns).

potato4science the Sneak (Human Delver)              Turns: 452, Time: 00:03:51

Health: 0/29       AC:  3    Str: 13    XL:     3   Next: 70%
Magic:  3/3        EV: 12    Int: 10    God:
Gold:   17         SH:  0    Dex: 14    Spells: 2/2 levels left

rFire    . . .     SeeInvis .   a - +0 hand axe
rCold    . . .     Faith    .   (no shield)
rNeg     . . .     Spirit   .   b - +0 leather armour
rPois    .         Reflect  .   (no helmet)
rElec    .         Harm     .   (no cloak)
rCorr    .         Rampage  .   (no gloves)
Will     .....                  (no boots)
Stlth    +++.......             (no amulet)
HPRegen  0.09/turn              (no ring)
MPRegen  0.08/turn              (no ring)

@: lethally poisoned (0 -> -4)
A: no striking features
a: no special abilities


You were on level 3 of the Dungeon.
You visited 1 branch of the dungeon, and saw 3 of its levels.

You collected 17 gold pieces.

Inventory:

Hand Weapons
 a - a +0 hand axe (weapon)
Missiles
 d - 21 arrows
Armour
 b - a +0 leather armour (worn)
Wands
 g - a wand of digging (3)
Scrolls
 c - a scroll of fog
 e - a scroll of fear
Potions
 f - a potion of haste
 h - a potion of degeneration {unknown}
 i - a potion of brilliance {unknown}


   Skills:
 - Level 3.0 Fighting
 - Level 3.0 Axes
 + Level 2.0 Armour
 - Level 2.0 Dodging
 - Level 5.0 Stealth


You had 2 spell levels left.
You didn't know any spells.
Your spell library was empty.

Dungeon Overview and Level Annotations

Branches:
Dungeon (5/15)
 Temple: D:4-7

Altars:


Message History

You kill the hound!
Training target 2.0 for Armour reached!
Your Armour skill increases to level 2!
You need to enable at least one skill for training.
Training target 3.0 for Axes reached!
Your Axes skill increases to level 3!
You need to enable at least one skill for training.
You have reached level 3!
Your experience leads to an increase in your attributes!
Increase (S)trength, (I)ntelligence, or (D)exterity?
You feel stronger.
You see here a +0 trident.
There is a stone staircase leading up here.
You climb upwards.
The adder hisses angrily.
There is a stone staircase leading down here.
The adder bites you but does no damage. The adder barely misses you.
The adder bites you.
* * * LOW HITPOINT WARNING * * *
The adder barely misses you.
You closely miss the adder. The adder barely misses you.
You miss the adder. The adder closely misses you. The adder barely misses you.
You completely miss the adder. The adder bites you.
* * * LOW HITPOINT WARNING * * *
You are poisoned.
The adder poisons you!
You hit the adder.
The adder is heavily wounded.
You feel sick. The adder closely misses you.
The adder bites you but does no damage.
You closely miss the adder.
The adder is heavily wounded.
You feel sick. The adder bites you.
* * * LOW HITPOINT WARNING * * *
You are more poisoned.
The adder poisons you!
You miss the adder.
The adder is heavily wounded.
You die...

.. ... ...##
.....###########
...#..#...##...##
..............##
#........@...#
#..>.....S...#
#............#
##..........##
##...##...##
##########


You could see an adder.

Vanquished Creatures
  A hound (D:4)
  A shadow imp (D:4)
  A ball python (D:4)
3 creatures vanquished.

Notes
Turn   | Place    | Note
-------+----------+-------------------------------------------
     0 | D:5      | potato4science the Human Delver began the quest for the
                  | Orb.
     0 | D:5      | Reached XP level 1. HP: 18/18 MP: 1/1
    56 | D:4      | Reached skill level 1 in Armour
    56 | D:4      | Reached XP level 2. HP: 5/24 MP: 2/2
   435 | D:4      | Reached XP level 3. HP: 9/29 MP: 3/3
   451 | D:3      | HP: 1/29 [adder (3)]
   452 | D:3      | Succumbed to an adder's poison

Illustrated notes

Levels and vault maps discovered:
D:3:      layout_rooms, uniq_grinder
D:4:      layout_gridville, kennysheep_mini_moat, serial_shops, shop,
          feat_on_display
D:5:      layout_loops_ring

Skill      XL: |  1  2 |
---------------+-------+-----
Armour         | 1 2 |  2.0
Axes           | 3 |  3.0
Fighting       | |  3.0
Dodging        | |  2.0
Stealth        | |  5.0

Action                   || total
-------------------------++-------
Melee: Hand axe          ||    33
  Use: Scroll            ||     1
 Stab: Sleeping          ||     1
Armor: Leather armour    ||     8
Dodge: Dodged            ||    25
